Map: Hecate LE

Players

SubN - Winner!

  • Race: Zerg Zerg
  • League: Diamond
  • Spawn Location: 7:00

Dokkaebi

  • Race: Zerg Zerg
  • League: Platinum
  • Spawn Location: 1:00

VOD

Have the link to the VOD?

Description

Time

  • Played on: Dec. 20, 2023, 8:14 p.m.
  • Length: 10:47
Show
View Real Time Build Order
Export as new Build Order

SubN Zerg - Winner!

Build Orders: Hatch First 

Get SALT Encoding   

  12  0:00  Drone  
  13  0:09  Drone  
  14  0:26  Extractor  
  14  0:27  Drone  
  15  0:41  Hatchery  
  14  0:46  Overlord  
  14  1:03  Spawning Pool  
  13  1:04  Drone  
  13  1:08  Drone  
  15  1:12  Drone  
  15  1:15  Extractor  
  15  1:17  Drone  
  16  1:26  Drone  
  17  1:38  Drone  
  18  1:47  Drone  
  18  1:52  Queen  
  18  1:54  Queen  
  21  1:57  Drone  
  24  2:04  Overlord  
  24  2:08  Drone  
  25  2:11  Drone  
  25  2:14  Drone  
  27  2:22  Metabolic Boost  
  27  2:31  Queen  
  27  2:36  Queen  
  29  2:41  Overlord  
  31  2:51  Drone x4  
  34  2:56  Drone  
  36  3:16  Roach Warren  
  36  3:19  Drone x4  
  39  3:31  Evolution Chamber  
  39  3:33  Evolution Chamber  
  37  3:35  Drone  
  37  3:36  Overlord  
  37  3:39  Overlord  
  38  3:42  Overlord  
  38  3:44  Lair  
  38  3:47  Drone  
  38  3:48  Drone, Extractor  
  40  3:49  Drone  
  40  3:56  Overlord x2  
  40  3:58  Zerg Missile Weapons Level 1  
  40  4:05  Roach x2  
  40  4:06  Roach  
  46  4:16  Roach  
  50  4:17  Roach  
  50  4:27  Drone x2  
  52  4:42  Hatchery  
  51  4:50  Drone x4  
  55  4:56  Drone x2  
  57  5:00  Extractor  
  57  5:02  Zerg Ground Armor Level 1  
  56  5:07  Overseer  
  56  5:14  Glial Reconstitution  
  56  5:26  Drone x2  
  58  5:30  Drone x7  
  58  5:31  Drone x2  
  67  5:41  Overlord  
  67  5:42  Overlord x2  
  67  5:45  Zergling x2  
  68  5:52  Drone  
  68  5:53  Drone x3, Extractor  
  71  5:58  Queen  
  71  6:01  Drone x3  
  76  6:06  Zerg Missile Weapons Level 2  
  76  6:11  Roach  
  76  6:12  Roach x5  
  87  6:20  Roach  
  87  6:21  Roach x2  
  93  6:28  Roach x4  
  94  6:40  Roach x6  
  94  6:41  Roach x2  
  95  6:49  Roach x3  
  95  6:52  Roach  
  95  6:53  Roach x2  
  94  6:57  Roach  
  94  6:59  Roach x2  
  91  7:07  Roach x3  
  91  7:08  Roach  
  95  7:13  Queen  
  95  7:14  Overlord  
  93  7:16  Roach  
  93  7:20  Roach x5  
  105  7:30  Drone  
  105  7:32  Overlord x3  
  100  7:46  Roach x2  
  100  7:47  Roach x5  
  110  8:09  Roach x2  
  110  8:10  Roach x7  
  106  8:14  Roach  
  92  8:27  Roach  
  92  8:28  Roach x8  
  106  8:37  Drone  
  107  8:41  Extractor  
  100  8:58  Drone x7  
  100  8:59  Drone x6  
  105  9:19  Roach x2  
  105  9:20  Roach x8  
  125  9:31  Drone x3  
  127  9:33  Extractor  
  125  9:48  Drone x4  
  125  9:49  Drone  
  114  10:04  Hatchery  
  114  10:05  Roach  
  114  10:06  Roach x9  
  129  10:17  Roach x5  
Show
View Real Time Build Order
Export as new Build Order

Dokkaebi Zerg 

Build Orders: Hatch First 

Get SALT Encoding   

  12  0:00  Drone  
  13  0:13  Overlord  
  13  0:16  Drone  
  14  0:31  Drone x2  
  14  0:35  Drone  
  17  0:54  Hatchery  
  17  0:56  Drone  
  17  1:00  Drone  
  18  1:14  Spawning Pool  
  17  1:20  Drone  
  17  1:21  Drone  
  19  1:32  Overlord  
  19  1:46  Drone  
  20  2:01  Drone, Queen  
  20  2:05  Queen  
  20  2:07  Zergling x4  
  27  2:18  Drone  
  27  2:19  Drone  
  29  2:37  Drone  
  30  2:47  Zergling x2  
  30  2:48  Zergling x6  
  34  3:01  Extractor  
  34  3:03  Overlord x2, Extractor  
  32  3:20  Overlord x2  
  32  3:22  Drone x3  
  32  3:23  Drone x2  
  32  3:24  Drone  
  38  3:40  Evolution Chamber  
  37  3:42  Queen  
  37  3:44  Evolution Chamber  
  37  3:46  Roach Warren  
  37  3:54  Drone x2  
  39  3:56  Drone  
  39  3:57  Drone x8  
  48  4:20  Drone x2  
  48  4:22  Drone  
  48  4:23  Drone x3  
  48  4:24  Overlord x3, Extractor  
  53  4:31  Lair  
  53  4:53  Roach x10  
  53  4:54  Roach  
  74  5:02  Zerg Missile Weapons Level 1  
  74  5:13  Overlord x3  
  74  5:16  Zerg Ground Armor Level 1  
  74  5:25  Roach  
  74  5:26  Roach x2  
  74  5:27  Roach  
  82  5:31  Roach  
  84  5:49  Roach x5  
  94  5:55  Hatchery  
  93  5:58  Glial Reconstitution  
  93  6:12  Overlord  
  93  6:20  Queen  
  93  6:21  Queen  
  94  6:36  Roach x9  
  110  6:47  Roach x4  
  100  6:56  Queen x2  
  100  7:08  Roach x9  
  98  7:25  Roach  
  98  7:26  Roach x4  
  104  7:40  Roach  
  104  7:41  Roach x5  
  104  7:43  Overlord x2  
  116  8:00  Roach x4  
  100  8:18  Roach x3  
  100  8:19  Roach x3  
  78  8:35  Roach x4  
  78  8:36  Roach x2  
  90  8:49  Roach x3  
  92  8:58  Roach x3  
  92  9:09  Roach x5  
  86  9:10  Roach  
  73  9:26  Roach x7  
  73  9:29  Roach  
  66  9:55  Roach  
  66  9:56  Roach x7  
  56  10:09  Roach x3  
Tags
 
Add a new tag
Caveats
  • Supply blocks, unpowered buildings, or Contaminate may cause inaccurate times.
  • Supply counts are checked every 10 seconds.